 Dungeon Crawl Stone Soup version 0.26.0-16-gc1dbca0489 (webtiles) character file.

Game seed: 17358681868170156552

11683 kaeus the Cleaver (level 11, -7/86 HPs)
             Began as a Demonspawn Gladiator on Jan 19, 2021.
             Was a High Priest of Trog.
             Mangled by a gargoyle
             ... wielding a +0 mace
              (9 damage)
             ... on level 11 of the Dungeon.
             The game lasted 00:42:58 (11929 turns).

kaeus the Cleaver (Demonspawn Gladiator)           Turns: 11929, Time: 00:42:59

Health: -7/86      AC: 13    Str: 18    XL:     11   Next: 52%
Magic:  2/11       EV: 12    Int:  9    God:    Trog [*****.]
Gold:   702        SH:  5    Dex: 15    Spells: 10/10 levels left

rFire    + + .     SeeInvis +   a - +0 war axe
rCold    . . .     Faith    +   O - +0 buckler
rNeg     . . .     Spirit   .   q - +3 scale mail {rPois}
rPois    +         Reflect  .   (helmet restricted)
rElec    .         Harm     .   (no cloak)
rCorr    .         Rampage  .   z - +0 pair of gloves
Will     ++...                  Z - +0 pair of boots
Stlth    +.........             S - amulet of faith
HPRegen  1.24/turn              s - ring of see invisible
MPRegen  0.12/turn              t - ring of protection from fire

@: berserk cooldown, regenerating (expiring)
A: claws 2, hooves 1, horns 2, fire resistance 1, spiny 2
a: Renounce Religion, Berserk, Trog's Hand, Brothers in Arms


You were on level 11 of the Dungeon.
You worshipped Trog.
Trog was extremely pleased with you.
You visited 2 branches of the dungeon, and saw 12 of its levels.

You collected 702 gold pieces.

Inventory:

Hand Weapons
 a - a +0 war axe (weapon)
 g - a +3 scimitar of flaming
Missiles
 Q - 190 stones (quivered)
Armour
 q - a +3 scale mail of poison resistance (worn)
 z - a +0 pair of gloves (worn)
 O - a +0 buckler (worn)
 Z - a +0 pair of boots (worn)
Jewellery
 i - an uncursed ring of flight
 s - a ring of see invisible (left hand)
 t - a ring of protection from fire (right hand)
 S - an amulet of faith (around neck)
Wands
 b - a wand of random effects (13)
 d - a wand of digging (9)
 f - a wand of paralysis (7)
 J - a wand of iceblast (14)
 L - a wand of flame (10)
Scrolls
 c - a scroll of vulnerability {unknown}
 h - a scroll of enchant weapon
 k - 2 scrolls of enchant armour
 l - a scroll of fear {unknown}
 m - 2 scrolls of random uselessness {unknown}
 n - 2 scrolls of fog {unknown}
 r - 3 scrolls of amnesia {unknown}
 v - a scroll of immolation {unknown}
 w - 5 scrolls of remove curse
 x - 3 scrolls of teleportation {unknown}
 I - a scroll of silence {unknown}
 M - a scroll of identify
 U - a scroll of magic mapping {unknown}
 W - a scroll of noise {unknown}
Potions
 e - a potion of attraction {unknown}
 j - 2 potions of ambrosia {unknown}
 u - 2 potions of resistance
 C - 2 potions of degeneration {unknown}
 E - 5 potions of curing
 F - 2 potions of mutation {unknown}
 H - 2 potions of haste {unknown}
 N - 2 potions of flight {unknown}
 P - a potion of might {unknown}
 R - a potion of cancellation {unknown}
 T - a potion of magic {unknown}


   Skills:
 + Level 8.0 Fighting
 * Level 11.6 Axes
 - Level 1.8 Throwing
 + Level 7.6 Armour
 - Level 3.8 Dodging
 - Level 1.7 Stealth
 + Level 5.2 Shields
 - Level 2.5 Evocations


You had 10 spell levels left.
You didn't know any spells.
Your spell library contained the following spells:

 Spells                   Type           Power        Failure   Level
 Animate Skeleton         Necr           0%           75%         1
 Apportation              Tloc           0%           75%         1
 Corona                   Hex            0%           75%         1
 Magic Dart               Conj           0%           75%         1
 Pain                     Necr           0%           75%         1
 Summon Small Mammal      Summ           0%           75%         1
 Searing Ray              Conj           0%           86%         2
 Dazzling Flash           Conj/Hex       0%           98%         3
 Vampiric Draining        Necr           0%           98%         3
 Animate Dead             Necr           0%           100%        4
 Fulminant Prism          Conj/Hex       0%           100%        4
 Iskenderun's Mystic Bla  Conj/Tloc      0%           100%        4
 Summon Lightning Spire   Summ/Air       0%           100%        4
 Agony                    Necr           0%           100%        5
 Silence                  Hex/Air        0%           100%        5
 Conjure Ball Lightning   Conj/Air       0%           100%        6
 Tornado                  Air            0%           100%        9


Dungeon Overview and Level Annotations

Branches:
Dungeon (11/15)            Temple (1/1) D:7            Lair (0/6) D:11
    Orc (0/2) D:9

Altars:
Ashenzari
Cheibriados
Dithmenos
Elyvilon
Fedhas
Gozag
Hepliaklqana
Kikubaaqudgha
Makhleb
Nemelex Xobeh
Okawaru
Qazlal
Ru
Sif Muna
Trog
Uskayaw
Vehumet
Wu Jian
Xom
Yredelemnul
Zin
The Shining One

Shops:
D:6 }   D:7 :

Annotations:
D:10 exclusion: ice statue


Innate Abilities, Weirdness & Mutations

You have very sharp fingernails.
You have large cloven feet.
You have a pair of horns on your head.
Your flesh is heat resistant. (rF+)
You are mostly covered in sharp spines.


Message History

You block the gargoyle's attack.
You barely miss the gargoyle. The gargoyle hits you with a +0 mace!
* * * LOW HITPOINT WARNING * * *
You hit the gargoyle but do no damage.
You feel yourself speed up. The gargoyle is struck by your spines.
The gargoyle hits you but does no damage.
The gargoyle barely misses you.
You hit the gargoyle but do no damage.
The gargoyle is lightly damaged.
You hit the gargoyle but do no damage.
The gargoyle is lightly damaged.
The gargoyle hurls a stone arrow at you.
The stone arrow hits you!
* * * LOW HITPOINT WARNING * * *
You hit the gargoyle but do no damage.
The gargoyle is lightly damaged.
You feel the effects of Trog's Hand fading.
The gargoyle hits you with a +0 mace!
You die...

#............P.P..P
#.... #P.♣..$.P....
##....##........♣...
.......<(†........P.
.............P......
........h......P....
....>.S....).)......
##:.####.G##9#..##..
#.. #..##@#### G..
....#......... ..
.....#.........
......#.........
......#.........
##########


You could see a gargoyle.

Vanquished Creatures
  The ghost of quaternion the Grappler, a novice TrMo of Yredelemnul (D:10)
  Erica (D:10)
  A two-headed ogre (D:9)
  A gargoyle (D:10)
  Maggie (D:8)
  A troll (D:11)
  3 basilisks (D:11)
  A shadow (D:10)
  6 yaks
  2 wyverns (D:11)
  Menkaure (D:3)
  A soldier ant (D:9)
  4 water moccasins
  The ghost of SnakkuSnakku7 the Ruffian, an amateur VSAM of Okawaru (D:3)
  A phantom (D:8)
  2 orc warriors
  2 eyes of draining
  4 ice beasts
  2 black bears
  4 sky beasts
  3 necrophages
  2 wolves (D:11)
  7 ogres
  4 big kobolds
  8 bullfrogs
  A wyvern zombie (D:9)
  A water moccasin zombie (D:10)
  2 wyvern skeletons
  3 scorpions
  9 killer bees
  4 wights
  8 howler monkeys
  2 quasits
  A bullfrog zombie (D:5)
  6 jellies
  11 orc priests
  3 centaur skeletons
  5 hounds
  17 orc wizards
  A bullfrog skeleton (D:10)
  10 worker ants
  2 iguanas
  A killer bee zombie (D:5)
  A hound skeleton (D:6)
  A hound zombie (D:7)
  11 adders
  9 gnolls
  A howler monkey skeleton (D:9)
  A river rat (D:3)
  2 shadow imps
  4 white imps
  2 ufetubi
  An adder skeleton (D:9)
  An adder zombie (D:6)
  5 worms
  2 dart slugs
  7 leopard geckos
  54 orcs
  4 giant cockroaches
  6 goblins
  6 hobgoblins
  10 jackals
  6 quokkas
  2 ball pythons (D:3)
  5 bats
  8 frilled lizards
  15 kobolds
  A quokka skeleton (D:8)
  2 quokka zombies
  12 rats
330 creatures vanquished.

Vanquished Creatures (others)
  2 fungi (D:11)
  10 plants (D:11)
12 creatures vanquished.

Grand Total: 342 creatures vanquished

Notes
Turn   | Place    | Note
-------+----------+-------------------------------------------
     0 | D:1      | kaeus the Demonspawn Gladiator began the quest for the Orb.
     0 | D:1      | Reached XP level 1. HP: 16/16 MP: 1/1
   230 | D:1      | Reached skill level 3 in Axes
   242 | D:1      | Gained mutation: Your flesh is heat resistant. (rF+)
                  | [demonic ancestry]
   242 | D:1      | Reached XP level 2. HP: 8/22 MP: 2/2
   642 | D:1      | Gained mutation: You have a pair of small horns on your
                  | head. [demonic ancestry]
   642 | D:1      | Reached XP level 3. HP: 22/27 MP: 3/3
  1895 | D:2      | Found a shadowy altar of Dithmenos.
  1896 | D:2      | Noticed an ogre
  1900 | D:2      | Killed an ogre
  1901 | D:2      | Reached skill level 4 in Axes
  1901 | D:2      | Reached skill level 1 in Armour
  1901 | D:2      | Reached XP level 4. HP: 34/34 MP: 4/4
  1901 | D:2      | Gained mutation: You have sharp fingernails. [demonic
                  | ancestry]
  1901 | D:2      | Reached XP level 5. HP: 39/39 MP: 5/5
  2156 | D:2      | Found a glowing golden altar of the Shining One.
  2569 | D:3      | Found a runed translucent door.
  2570 | D:3      | Noticed SnakkuSnakku7's ghost (amateur VSAM)
  2583 | D:3      | Reached skill level 1 in Stealth
  2674 | D:3      | Gained mutation: You have large cloven feet. [demonic
                  | ancestry]
  2674 | D:3      | Reached XP level 6. HP: 43/47 MP: 6/6
  2752 | D:3      | Killed SnakkuSnakku7's ghost
  2753 | D:3      | Reached skill level 5 in Axes
  2792 | D:3      | Found a runed translucent door.
  2950 | D:3      | Found a white marble altar of Elyvilon.
  3181 | D:3      | Found an ornate altar of the Wu Jian Council.
  3184 | D:3      | Found an iron altar of Okawaru.
  3345 | D:3      | Found a broken altar of Ashenzari.
  3347 | D:3      | Found a shimmering blue altar of Sif Muna.
  3782 | D:4      | Noticed Menkaure
  3799 | D:3      | Killed Menkaure
  3800 | D:3      | Gained mutation: You are partially covered in sharp spines.
                  | [demonic ancestry]
  3800 | D:3      | Reached XP level 7. HP: 7/52 MP: 1/7
  4287 | D:4      | Reached skill level 6 in Axes
  5180 | D:5      | Entered Level 5 of the Dungeon
  5184 | D:5      | Found a snail-covered altar of Cheibriados.
  5355 | D:5      | Found an opulent altar of Gozag.
  5383 | D:5      | Gained mutation: You have very sharp fingernails. [demonic
                  | ancestry]
  5383 | D:5      | Reached XP level 8. HP: 53/59 MP: 5/8
  5451 | D:5      | Reached skill level 7 in Axes
  5554 | D:5      | Got a distressingly furry robe
  5571 | D:5      | Identified the cursed +1 robe of Oblivion {Stlth+} (You
                  | found it on level 5 of the Dungeon)
  6024 | D:5      | Reached skill level 8 in Axes
  6310 | D:6      | Found Rimeq's Gadget Shop.
  6680 | D:6      | Reached skill level 1 in Evocations
  6680 | D:6      | Gained mutation: You are mostly covered in sharp spines.
                  | [demonic ancestry]
  6680 | D:6      | Reached XP level 9. HP: 66/66 MP: 9/9
  7279 | D:7      | Found Zugeopol's Book Emporium.
  7285 | D:7      | Reached skill level 5 in Armour
  7375 | D:7      | Found a staircase to the Ecumenical Temple.
  7416 | Temple   | Entered the Ecumenical Temple
  7511 | Temple   | Became a worshipper of Trog the Wrathful
  7608 | D:7      | Reached skill level 5 in Fighting
  7614 | D:7      | Reached skill level 9 in Axes
  8072 | D:8      | Reached skill level 1 in Shields
  8321 | D:8      | Reached * piety under Trog
  8325 | D:8      | Gained mutation: You have a pair of horns on your head.
                  | [demonic ancestry]
  8325 | D:8      | Reached XP level 10. HP: 74/76 MP: 10/10
  8693 | D:8      | Found a hazy altar of Hepliaklqana.
  8958 | D:8      | Noticed Maggie
  8966 | D:8      | Killed Maggie
  8966 | D:8      | Reached ** piety under Trog
  8967 | D:8      | Reached skill level 10 in Axes
  9146 | D:9      | Noticed a two-headed ogre
  9164 | D:9      | Killed a two-headed ogre
  9186 | D:9      | Reached *** piety under Trog
  9561 | D:9      | Found a staircase to the Orcish Mines.
 10551 | D:10     | Entered Level 10 of the Dungeon
 10648 | D:10     | Reached **** piety under Trog
 10675 | D:10     | Noticed an ice statue
 10699 | D:10     | Noticed a gargoyle
 10714 | D:10     | Killed a gargoyle
 10924 | D:10     | Found a runed translucent gate.
 10924 | D:10     | Found a runed translucent gate.
 10924 | D:10     | Found a runed translucent gate.
 10926 | D:10     | Noticed quaternion's ghost (novice TrMo)
 10947 | D:10     | HP: 5/118 [quaternion's ghost (6)]
 10949 | D:10     | Killed quaternion's ghost
 10950 | D:10     | Reached skill level 11 in Axes
 10950 | D:10     | Reached XP level 11. HP: 5/84 MP: 11/11
 10952 | D:10     | HP: 1/126 [orc warrior/cursed -1 short sword (5)]
 11609 | D:10     | Noticed Erica
 11640 | D:10     | Killed Erica
 11823 | D:11     | Found a staircase to the Lair.
 11874 | D:11     | Reached skill level 5 in Shields
 11880 | D:11     | Reached ***** piety under Trog
 11923 | D:11     | Received a gift from Trog
 11928 | D:11     | HP: 1/86 [gargoyle/stone arrow (10)]
 11929 | D:11     | Mangled by a gargoyle

Illustrated notes

Levels and vault maps discovered:
D:1:      dpeg_arrival_houses_and_road, layout_basic, minmay_cut_off
D:2:      layout_loops_ring, lemuel_coloured_pillars_altar,
          nicolae_overflow_crystal_walls, kennysheep_generic_room_6
D:3:      layout_loops_ring, nicolae_overflow_hidden_temple, elyvilon_altar_3,
          ebering_ghost_sewer_f
D:4:      layout_loops_ring, chequers_serial_rivers_room_b, uniq_menkaure
D:5:      layout_gridville, nicolae_gozag_seed_capital, basic_altar
D:6:      layout_gridville, serial_shops, shop
D:7:      layout_basic, minmay_temple_entry_overgrown, serial_shops, shop
D:8:      minmay_the_grid_square_5x5_3x3 [minmay_the_grid_square_5x5_two,
          minmay_the_grid_square_5x5_tri_point, minmay_the_grid_square_5x5_bite,
          minmay_the_grid_square_5x5_hollow_slash,
          minmay_the_grid_square_5x5_megaprize_hollow,
          minmay_the_grid_square_5x5_inner_i, minmay_the_grid_square_5x5_lines,
          minmay_the_grid_square_5x5_half_checkered,
          minmay_the_grid_square_5x5_detours], layout_loops_cross,
          nzn_hepliaklqana_mist_gate, uniq_maggie
D:9:      layout_long_grid, orc_0_dummy, chequers_serial_rivers_large_a
D:10:     lemuel_ice_statue, layout_basic, gammafunk_ghost_split,
          kennysheep_generic_room_10, uniq_erica
D:11:     layout_gridville, minmay_lair_entry_grove, serial_shops,
          kennysheep_mini_moat
Temple:   cyrus_circular_temple

Skill      XL: |  1  2  3  4  5  6  7  8  9 10 11 |
---------------+----------------------------------+-----
Axes           | 3 4 5 6 8 9 11 | 11.6
Dodging        | 3 |  3.8
Armour         | 1 2 3 4 5 7 |  7.6
Stealth        | 1 |  1.7
Fighting       | 3 4 5 7 8 |  8.0
Evocations     | 1 2 |  2.5
Shields        | 2 4 5 |  5.2
Throwing       | |  1.8

Action                   |  1- 3 |  4- 6 |  7- 9 | 10-12 || total
-------------------------+-------+-------+-------+-------++-------
Melee: War axe           |    94 |   118 |   250 |   300 ||   762
       Headbutt          |     7 |    24 |    53 |    59 ||   143
       Kick              |       |    20 |    76 |    25 ||   121
Invok: Berserk           |       |       |       |     3 ||     3
       Trog's Hand       |       |       |       |     1 ||     1
  Use: Scroll            |     1 |       |     5 |     2 ||     8
       Potion            |       |       |       |     5 ||     5
 Stab: Sleeping          |     2 |       |       |       ||     2
Armor: Leather armour    |    30 |       |       |       ||    30
       Scale mail        |       |    50 |   104 |    87 ||   241
Dodge: Dodged            |    64 |    77 |   148 |   147 ||   436
Block: Buckler           |       |       |    15 |    86 ||   101
